 Dungeon Crawl Stone Soup version 0.24.1-14-gf8d2b509d9 (webtiles) character file.

Game seed: 9796811560783614127, levelgen mode: deterministic

25 mortelune the Ruffian (level 3, -1/31 HPs)
             Began as a Naga Transmuter on May 21, 2020.
             Slain by an adder (5 damage)
             ... on level 1 of the Dungeon.
             The game lasted 00:02:30 (1391 turns).

mortelune the Ruffian (Naga Transmuter)             Turns: 1391, Time: 00:02:30

Health: -1/31      AC:  2    Str: 12    XL:     3   Next: 4%
Magic:  3/6        EV: 10    Int: 14    God:
Gold:   45         SH:  0    Dex: 11    Spells: 0/6 levels left

rFire    . . .     SeeInvis +     - Unarmed
rCold    . . .     Gourm    .   (no shield)
rNeg     + . .     Faith    .   b - +0 robe
rPois    +         Spirit   .   (no helmet)
rElec    .         Reflect  .   (no cloak)
rCorr    .         Harm     .   (no gloves)
MR       .....                  (no barding)
Stlth    +.........             (no amulet)
HPRegen  0.10/turn              N - ring of positive energy
MPRegen  0.10/turn              (no ring)

@: very slow
A: large, see invisible, deformed body, poison resistance, slowness 2, slow
metabolism 1, spit poison 1, AC +1
a: Spit Poison


You were on level 1 of the Dungeon.
You were not hungry.

You visited 1 branch of the dungeon, and saw 2 of its levels.

You collected 45 gold pieces.

Inventory:

Missiles
 Q - 41 arrows
Armour
 b - a +0 robe (worn)
Jewellery
 N - a ring of positive energy (left hand)
Scrolls
 a - a scroll of teleportation {unknown}
 e - 2 scrolls of remove curse {unknown}
 g - a scroll of enchant armour {unknown}
 i - a scroll of fear {unknown}
Potions
 c - a potion of flight {unknown}
 h - a potion of resistance {unknown}
Comestibles
 d - 2 rations
 f - a chunk of flesh


   Skills:
 + Level 1.4 Fighting
 - Level 1.5 Dodging
 + Level 3.2 Unarmed Combat
 + Level 2.2 Spellcasting
 * Level 2.6 Transmutations


You couldn't memorise any spells.
You knew the following spells:

 Your Spells              Type           Power        Failure   Level  Hunger
a - Beastly Appendage     Tmut           #.....       8%          1    #......
b - Sticks to Snakes      Tmut           #.......     12%         2    ###....
c - Spider Form           Tmut/Pois      #.........   38%         3    ###....

Your spell library contained the following spells:

 Spells                   Type           Power        Failure   Level  Hunger
 Ice Form                 Ice/Tmut       #.......     80%         4    #####..
 Blade Hands              Tmut           #.........   91%         5    ######.


Dungeon Overview and Level Annotations

Branches:
Dungeon (2/15)

Altars:


Innate Abilities, Weirdness & Mutations

You cannot wear boots.
Your serpentine skin is tough. (AC +1)
You have supernaturally acute eyesight. (SInv)
Armour fits poorly on your strangely shaped body.
Your system is resistant to poisons. (rPois)
You cover ground very slowly.
You have a slow metabolism.
You can spit poison.


Message History

The adder closely misses you. The adder bites you.
The adder looks more healthy.
The adder bites you. The ooze hits you. The adder barely misses you.
The adder bites you but does no damage. The adder misses you.
The adder barely misses you.
Your magical contamination has completely faded away.
The adder barely misses you. The adder bites you.
The adder bites you but does no damage. The adder bites you.
* * * LOW HITPOINT WARNING * * *
The adder barely misses you. The adder bites you.
* * * LOW HITPOINT WARNING * * *
The adder bites you.
* * * LOW HITPOINT WARNING * * *
The adder bites you.
You die...

### #....##......# #.......#
#>...##.#.#..# #.......#### ###
#.......#....# ####...##... ..##
#.....###.##.# ##.........
...######.#....##.# #..........
.........)#.##.##.#####..........
....######..#..##................
....###......J.#########.........
....รท..........S@...........##...
....###.......(##################
....# ########## ....# ...## ..##
###


You could see an ooze and an adder.

Vanquished Creatures
  A leopard gecko (D:1)
  A giant cockroach (D:1)
  4 goblins (D:1)
  7 hobgoblins (D:1)
  A bat (D:1)
  A kobold (D:1)
  7 rats (D:1)
22 creatures vanquished.

Vanquished Creatures (collateral kills)
  A rat (D:2)
1 creature vanquished.

Grand Total: 23 creatures vanquished

Notes
Turn   | Place    | Note
-------+----------+-------------------------------------------
     0 | D:1      | mortelune the Naga Transmuter began the quest for the Orb.
     0 | D:1      | Reached XP level 1. HP: 18/18 MP: 3/3
     2 | D:1      | Noticed an elf
     2 | D:1      | Noticed a merfolk
     4 | D:1      | Noticed a centaur
     4 | D:1      | Noticed a human
     6 | D:1      | Noticed a draconian
     6 | D:1      | Noticed a spriggan
     8 | D:1      | Noticed a minotaur
    10 | D:1      | Noticed an octopode
    10 | D:1      | Noticed a felid
    14 | D:1      | Noticed a halfling
    14 | D:1      | Noticed a dwarf
    16 | D:1      | Noticed a troll
    16 | D:1      | Noticed a formicid
    18 | D:1      | Noticed a tengu
    20 | D:1      | Noticed a demigod
    20 | D:1      | Noticed a ghoul
    22 | D:1      | Noticed a naga
    22 | D:1      | Noticed an ogre
    24 | D:1      | Noticed a gargoyle
    24 | D:1      | Noticed a vampire
    26 | D:1      | Noticed a demonspawn
    26 | D:1      | Noticed a vine stalker
   349 | D:1      | Reached XP level 2. HP: 22/25 MP: 5/5
   426 | D:1      | Learned a level 2 spell: Sticks to Snakes
  1245 | D:1      | Reached XP level 3. HP: 21/31 MP: 6/6
  1250 | D:1      | Learned a level 3 spell: Spider Form
  1391 | D:1      | Slain by an adder

Levels and vault maps discovered:
D:1:      kb_arrival_jail, layout_rooms
D:2:      layout_rooms, chequers_temple_overflow_statue_of_worship,
          marbit_many_paths, uniq_natasha

Action                   || total
-------------------------++-------
Melee: Unarmed           ||    74
       Headbutt          ||     4
       Punch             ||     2
 Cast: Beastly Appendage ||     4
       Sticks to Snakes  ||     2
 Abil: Spit Poison       ||     2
  Eat: Chunk             ||     1
Armor: Robe              ||    11
Dodge: Dodged            ||    49
